 Dungeon Crawl Stone Soup version 0.19.1-1-g22dce08 (console) character file.

108829 Grinner the Fencer (level 16, -5/115 HPs)
             Began as a Minotaur Monk on Jan 18, 2017.
             Was a High Priest of Makhleb.
             Slain by an Ice Fiend (13 damage)
             ... in an ice cave.
             The game lasted 02:22:23 (23811 turns).

Grinner the Fencer (Minotaur Monk)                 Turns: 23811, Time: 02:22:23

Health: -5/115     AC: 19    Str: 17    XL:     16   Next: 3%
Magic:  24/24      EV: 25    Int:  8    God:    Makhleb [*****.]
Gold:   2088       SH: 15    Dex: 18    Spells: 3 memorised, 10 levels left

rFire  + . .     SeeInvis .     a - +8 autumn katana {slice, Clar}
rCold  + . .     Gourm    .     K - +5 scale mail of the Eternal Fruit {+Inv MR+}
rNeg   . . .     Faith    .     k - +2 shield {reflect}
rPois  +         Spirit   .     (helmet restricted)
rElec  +         Reflect  +     v - +2 cloak {+Inv}
rCorr  +         Harm     .     (no gloves)
MR     ++...     Clarity  +     T - +2 pair of boots {run}
Stlth  +.........               t - amulet of magic regeneration
                                W - ring of flight
                                x - +5 ring of evasion

@: about to teleport, resistant, quick
A: retaliatory headbutt, horns 2, clarity, mutation resistance 1
a: Minor Destruction, Lesser Servant of Makhleb, Major Destruction, Greater
Servant of Makhleb, Renounce Religion, Evoke Invisibility, Evoke Flight


You were in an ice cave.
You worshipped Makhleb.
Makhleb was extremely pleased with you.
You were not hungry.

You visited 6 branches of the dungeon, and saw 25 of its levels.
You also visited: Sewer, Ossuary, Ice Cave and Volcano.

You collected 3250 gold pieces.
You spent 1162 gold pieces at shops.

Inventory:

Hand Weapons
 a - the +8 autumn katana (weapon) {slice, Clar}
   (You acquired it on level 4 of the Lair of Beasts)

   It inflicts extra damage upon your enemies.
   It protects you against confusion.
 q - a +5 scimitar of freezing
 D - a +2 long sword of electrocution
Armour
 d - the +0 scale mail "Muymmat" {rElec rN+ Int-4 Dex+4}
   (You bought it in a shop on level 2 of the Orcish Mines)

   It affects your intelligence (-4).
   It affects your dexterity (+4).
   It insulates you from electricity.
   It protects you from negative energy.
 k - a +2 shield of reflection (worn)
 m - a +2 robe of fire resistance
 v - a +2 cloak of invisibility (worn)
 K - the +5 scale mail of the Eternal Fruit (worn) {+Inv MR+}
   (You found it on level 9 of the Dungeon)

   It affects your resistance to hostile enchantments.
   It lets you turn invisible.
 T - a +2 pair of boots of running (worn)
Jewellery
 p - an uncursed ring of fire
 t - an amulet of magic regeneration (around neck)
 x - a +5 ring of evasion (left hand)
 M - a +2 ring of dexterity
 W - a ring of flight (right hand)
Wands
 y - a wand of iceblast (3/15)
 H - a wand of confusion (10/48)
 L - a wand of iceblast (4/15)
 Q - a wand of acid (8/15)
 S - a wand of iceblast (11/15)
 U - a wand of flame (25/48)
 V - a wand of digging (19/24)
 X - a wand of flame (22/48)
 Z - a wand of flame (19/48)
Scrolls
 e - 4 scrolls of recharging
 f - 3 scrolls of teleportation
 z - 2 scrolls of fear
 E - 6 scrolls of remove curse
 F - a scroll of identify
 I - 3 scrolls of immolation
 O - 2 scrolls of fog {unknown}
Potions
 g - a potion of flight
 j - a potion of curing
 l - 3 potions of might
 n - 3 potions of haste
 o - a potion of agility
 r - a potion of magic
 s - 2 potions of brilliance
 u - 4 potions of lignification
 A - 3 potions of resistance
 G - 3 potions of cancellation
Miscellaneous
 N - a sack of spiders
Comestibles
 b - 12 slices of pizza
 c - 8 bread rations
 i - 7 meat rations
 w - 16 fruits
 C - 15 royal jellies


   Skills:
 - Level 3.6 Fighting
 + Level 17.4 Long Blades
 + Level 7.6 Armour
 + Level 16.2 Dodging
 - Level 1.5 Stealth
 + Level 12.1 Shields
 + Level 13.2 Invocations
 - Level 7.6 Evocations


You had 10 spell levels left.
You knew the following spells:

 Your Spells              Type           Power        Failure   Level  Hunger
c - Regeneration          Chrm/Necr      #.........   100%        3    ####...
x - Infusion              Chrm           #...         99%         1    ##.....
z - Magic Dart            Conj           #...         99%         1    ##.....


Dungeon Overview and Level Annotations

Branches:
Dungeon (13/15)            Temple (1/1) D:4            Lair (6/6) D:9
  Swamp (2/4) Lair:3       Spider (0/4) Lair:3        Slime (0/5) Lair:5
    Orc (2/2) D:10            Elf (1/3) Orc:2
 Vaults: D:13-14

Altars:
Ashenzari
Cheibriados
Dithmenos
Elyvilon
Fedhas
Gozag
Kikubaaqudgha
Makhleb
Okawaru
Ru
Sif Muna
Trog
Uskayaw
Vehumet
Xom
Yredelemnul
The Shining One
Beogh
Jiyva

Shops:
D:9 :   D:11 ?   Orc:2 [=([*

Annotations:
D:13 Fallorn's ghost, journeyman HOFi


Innate Abilities, Weirdness & Mutations

You reflexively headbutt those who attack you in melee.
You have a pair of horns on your head.
You possess an exceptional clarity of mind.
You are somewhat resistant to further mutation.


Message History

Your hellwing hits the Ice Fiend!
Your hellwing barely misses the Ice Fiend.
Something claws your hellwing. Something freezes your hellwing!!!
Your hellwing dies!
You enter the shallow water.
Moving in this stuff is going to be slow.
You start resting.
As you read the scroll of teleportation, it crumbles to dust.
You feel strangely unstable.
You hit the Ice Fiend but do no damage. The Ice Fiend gestures at you.
The bolt of cold misses you.
You hit the Ice Fiend but do no damage. You headbutt the Ice Fiend.
The Ice Fiend is lightly wounded.
The Ice Fiend completely misses you. The Ice Fiend claws you.
The Ice Fiend freezes you!!
* * * LOW HITPOINT WARNING * * *
You feel protected. The Ice Fiend claws you!
You die...

### ### ##@# ##.# ####1## ##.##
##.#.## ##.## ##.#.## ##.## ###
##########.#...###### ##.#####.##
.....≈≈≈≈≈.........≈###.##......#
....##≈≈.#........#.≈≈...........
##...##.#...#.#.#.##.≈≈≈###......
≈###......##≈≈####.##.≈≈≈#≈≈≈###.


You could see an Ice Fiend.

Vanquished Creatures
  The ghost of photon45 the Shatterer, a journeyman OgBe of Trog (Orc:2)
  Donald (Elf:1)
  An azure jelly (Swamp:2)
  A thorn hunter (Swamp:1)
  An orc warlord (Elf:1)
  A fire dragon (Lair:1)
  A great orb of eyes (Lair:5)
  The ghost of antares the Thaumaturge, a journeyman HEAE of Vehumet (Volcano)
  3 deep elf high priests (Elf:1)
  2 hydras
  2 ice dragons
  6 dancing weapons (Elf:1)
  8 alligators
  A satyr (Lair:4)
  5 death yaks (Lair:3)
  3 orc high priests (Orc:2)
  8 deep elf knights (Elf:1)
  A sun demon (Volcano)
  A hell knight (Volcano)
  2 fire crabs (Lair:6)
  An unseen horror (D:12)
  6 hill giants
  2 shambling mangroves (Swamp:1)
  A lindwurm (Lair:3)
  7 deep elf archers (Elf:1)
  5 ugly things
  6 orc knights
  6 orc sorcerers
  12 deep elf magi
  A cyclops (D:11)
  2 wolf spiders (Lair:3)
  4 black mambas (Lair:6)
  An ice statue (IceCv)
  Joseph (Lair:1)
  9 spiny frogs
  A centaur skeleton (D:13)
  A small abomination (Elf:1)
  4 ice devils (IceCv)
  6 freezing wraiths
  2 komodo dragons
  3 golden dragon simulacra (IceCv)
  4 anaconda simulacra (IceCv)
  5 polar bears
  A queen bee (D:10)
  A jumping spider (Lair:3)
  9 hornets
  5 trolls
  16 slime creatures
  2 tyrant leeches
  A two-headed ogre (D:11)
  2 bog bodies
  9 dream sheep
  5 blink frogs (Lair:1)
  6 hippogriffs
  3 air elementals (Elf:1)
  14 spriggans
  2 redbacks
  2 wyverns
  2 dire elephant simulacra (IceCv)
  A fire elemental (Elf:1)
  38 yaks
  A vampire (D:12)
  2 water elementals (Elf:1)
  3 fire bats (Lair:1)
  2 wraiths
  2 basilisks
  2 hungry ghosts
  7 vampire mosquitoes
  A steam dragon (D:12)
  2 harpy simulacra (IceCv)
  2 mottled dragons (D:12)
  2 swamp worms (Swamp:1)
  2 wargs
  2 iron troll simulacra (IceCv)
  A soldier ant (D:12)
  14 water moccasins
  A hydra simulacrum (IceCv)
  11 porcupines
  Duvessa (D:7)
  25 orc warriors
  4 sky beasts
  A swamp drake (Swamp:1)
  5 black bears
  A hell hound (Volcano)
  4 ice beasts
  2 necrophages
  4 boggarts (Lair:6)
  4 phantoms
  2 eyes of draining
  7 ogres
  26 wolves
  9 centaurs
  12 crocodiles
  3 big kobolds
  14 bullfrogs
  A gnoll sergeant (D:13)
  Dowan (D:7)
  3 scorpions
  26 killer bees (D:10)
  10 wights
  2 howler monkeys
  4 crimson imps
  2 bullfrog zombies
  3 centaur zombies
  5 draconian simulacra (IceCv)
  3 quasits
  18 orc priests
  5 hounds
  4 jellies
  3 bullfrog skeletons
  18 orc wizards
  Jessica (D:2)
  3 iguanas
  A spriggan simulacrum (IceCv)
  7 worker ants
  A wolf simulacrum (IceCv)
  A polar bear simulacrum (IceCv)
  4 troll simulacra (IceCv)
  2 centaur simulacra (IceCv)
  8 mummies (Ossuary)
  A worker ant zombie (D:11)
  24 adders
  5 gnolls (D:13)
  2 naga simulacra (IceCv)
  2 ogre simulacra (IceCv)
  2 river rats
  4 shadow imps
  7 white imps (IceCv)
  4 ufetubi (IceCv)
  4 oozes
  4 worms
  A dart slug (D:2)
  6 leopard geckos
  57 orcs
  3 bats
  5 giant cockroaches
  2 gnoll zombies (Ossuary)
  4 goblins
  3 hobgoblins
  13 jackals
  18 kobolds
  2 quokkas
  3 ball pythons
  4 frilled lizards
  2 hobgoblin zombies (Ossuary)
  4 orc zombies (Ossuary)
  14 rats
776 creatures vanquished.

Vanquished Creatures (collateral kills)
  Harold (Lair:3)
  2 hydras
  2 yaks (Lair:3)
  An iron troll simulacrum (IceCv)
  An orc priest (D:11)
  An orc wizard (D:11)
  A wolf simulacrum (IceCv)
  2 orcs (Orc:2)
11 creatures vanquished.

Vanquished Creatures (others)
  A deep elf archer (Elf:1)
  A yak (Lair:6)
  A white imp (IceCv)
  2 ufetubi (IceCv)
  A fire vortex (Lair:1)
  A fungus (Lair:6)
  8 toadstools (Swamp:1)
15 creatures vanquished.

Grand Total: 802 creatures vanquished

Notes
Turn   | Place    | Note
-------+----------+-------------------------------------------
     0 | D:1      | Grinner the Minotaur Monk began the quest for the Orb.
     0 | D:1      | Reached XP level 1. HP: 19/19 MP: 0/0
   325 | D:1      | Reached skill level 4 in Long Blades
   325 | D:1      | Reached XP level 2. HP: 25/26 MP: 1/1
   933 | D:2      | Reached XP level 3. HP: 12/31 MP: 2/2
  1124 | D:2      | Noticed Jessica
  1128 | D:2      | Killed Jessica
  1160 | D:2      | Reached XP level 4. HP: 32/39 MP: 3/3
  1194 | D:2      | Reached skill level 5 in Long Blades
  1627 | D:2      | Reached skill level 5 in Dodging
  1715 | D:3      | Reached XP level 5. HP: 45/45 MP: 4/4
  2341 | D:4      | Noticed a phantom
  2363 | D:4      | Killed a phantom
  2363 | D:4      | Reached skill level 6 in Long Blades
  2366 | D:4      | Noticed an ogre
  2380 | D:4      | Killed an ogre
  2380 | D:4      | Reached XP level 6. HP: 32/51 MP: 5/5
  2610 | D:4      | Found a staircase to the Ecumenical Temple.
  2625 | Temple   | Entered the Ecumenical Temple
  2670 | Temple   | Became a worshipper of Makhleb the Destroyer
  2670 | Temple   | Reached * piety under Makhleb
  2670 | Temple   | Reached ** piety under Makhleb
  2737 | D:4      | Found a glowing drain.
  2760 | Sewer    | Entered a sewer
  2895 | Sewer    | Reached skill level 7 in Long Blades
  3109 | D:4      | Reached XP level 7. HP: 57/57 MP: 6/6
  3466 | D:5      | Entered Level 5 of the Dungeon
  3647 | D:5      | Found a sand-covered staircase.
  3654 | Ossuary  | Entered an ossuary
  3715 | Ossuary  | Gained mutation: Your body sometimes deteriorates upon taking damage. [potion of mutation]
  3715 | Ossuary  | Gained mutation: You possess an exceptional clarity of mind. [potion of mutation]
  3715 | Ossuary  | Gained mutation: You are somewhat resistant to further mutation. [potion of mutation]
  3758 | Ossuary  | Gained mutation: Scrolls take you a little longer to read. [potion of mutation]
  3758 | Ossuary  | Gained mutation: You have a pair of large horns on your head. [potion of mutation]
  3789 | Ossuary  | Reached *** piety under Makhleb
  3789 | Ossuary  | Reached skill level 8 in Long Blades
  3992 | D:5      | Found an ancient bone altar of Kikubaaqudgha.
  4187 | D:5      | Reached XP level 8. HP: 64/64 MP: 7/7
  4195 | D:5      | Reached skill level 9 in Long Blades
  4248 | D:5      | Lost mutation: You have a pair of large horns on your head. [potion of cure mutation]
  4248 | D:5      | Lost mutation: Scrolls take you a little longer to read. [potion of cure mutation]
  4248 | D:5      | Lost mutation: Your body sometimes deteriorates upon taking damage. [potion of cure mutation]
  4363 | D:5      | Found a deep blue altar of Sif Muna.
  4365 | D:5      | Found a radiant altar of Vehumet.
  4375 | D:5      | Identified Vehumet's Handbook of Arcane Weapons
  4379 | D:5      | Learned a level 1 spell: Magic Dart
  4749 | D:6      | Reached skill level 1 in Invocations
  4867 | D:6      | Reached skill level 10 in Long Blades
  4874 | D:6      | Reached **** piety under Makhleb
  5002 | D:6      | Reached XP level 9. HP: 70/70 MP: 10/10
  5120 | D:6      | You fall through a shaft for 2 floors!
  5262 | D:7      | Got a jet-encrusted ring mail
  5273 | D:7      | Identified the +1 ring mail "Vinnaar" {rCorr} (You found it on level 7 of the Dungeon)
  5333 | D:7      | Noticed Dowan
  5334 | D:7      | Noticed Duvessa
  5342 | D:7      | Killed Duvessa
  5345 | D:7      | Killed Dowan
  6206 | D:8      | Reached skill level 11 in Long Blades
  6206 | D:8      | Reached skill level 10 in Dodging
  6232 | D:8      | Reached skill level 5 in Invocations
  6241 | D:8      | Noticed a troll
  6250 | D:8      | Killed a troll
  6832 | D:9      | Found Wier's Book Shoppe.
  6859 | D:9      | Reached skill level 1 in Shields
  6859 | D:9      | Reached XP level 10. HP: 75/77 MP: 13/13
  6925 | D:9      | Found a sacrificial altar of Ru.
  6929 | D:9      | Found a glowing golden altar of the Shining One.
  6929 | D:9      | Found a shadowy altar of Dithmenos.
  6929 | D:9      | Found a shattered altar of Ashenzari.
  6929 | D:9      | Found a basalt altar of Yredelemnul.
  6930 | D:9      | Found a hide-covered altar of Uskayaw.
  6933 | D:9      | Found a blossoming altar of Fedhas.
  7093 | D:9      | Found a staircase to the Lair.
  7150 | D:9      | Found a shadowy altar of Dithmenos.
  7214 | D:9      | Got an encrusted scale mail
  7225 | D:9      | Identified the +5 scale mail of the Eternal Fruit {+Inv MR+} (You found it on level 9 of the Dungeon)
  7335 | Lair:1   | Entered Level 1 of the Lair of Beasts
  7394 | Lair:1   | Reached skill level 1 in Evocations
  7405 | Lair:1   | Reached skill level 12 in Long Blades
  7466 | Lair:1   | Reached ***** piety under Makhleb
  7569 | Lair:1   | Noticed Joseph
  7583 | Lair:1   | Noticed a fire dragon
  7589 | Lair:1   | Killed Joseph
  7610 | Lair:1   | Killed a fire dragon
  7610 | Lair:1   | Reached skill level 5 in Shields
  7610 | Lair:1   | Reached XP level 11. HP: 82/82 MP: 15/15
  8168 | Lair:2   | Learned a level 1 spell: Infusion
  8172 | Lair:2   | Learned a level 3 spell: Regeneration
  8873 | Lair:3   | Noticed a lindwurm
  8888 | Lair:3   | Killed a lindwurm
  8935 | Lair:3   | Noticed a death yak
  8937 | Lair:3   | Noticed a death yak
  8939 | Lair:3   | Noticed a death yak
  8940 | Lair:3   | Noticed a death yak
  8944 | Lair:3   | Noticed a death yak
  8946 | Lair:3   | Killed a death yak
  8960 | Lair:3   | Killed a death yak
  8960 | Lair:3   | Reached skill level 13 in Long Blades
  8977 | Lair:3   | Killed a death yak
  8980 | Lair:3   | Reached skill level 5 in Evocations
  8984 | Lair:3   | Killed a death yak
  8989 | Lair:3   | Killed a death yak
  9015 | Lair:3   | Noticed Harold
  9033 | Lair:3   | Killed Harold
  9033 | Lair:3   | Reached XP level 12. HP: 61/90 MP: 17/17
  9131 | Lair:3   | Found a staircase to the Swamp.
  9297 | Lair:3   | Found a hole to the Spider Nest.
  9477 | Swamp:1  | Entered Level 1 of the Swamp
  9477 | Swamp:1  | Noticed an alligator
  9604 | Lair:4   | Noticed a four-headed hydra
  9605 | Lair:4   | Identified a scroll of acquirement
  9609 | Lair:4   | Noticed a satyr
  9609 | Lair:4   | a four-headed hydra changed into a satyr
  9614 | Lair:4   | Killed a satyr
  9758 | Lair:4   | Identified a +1 pair of boots of running (You found it on level 4 of the Lair of Beasts)
 10288 | Lair:5   | Noticed a seven-headed hydra
 10293 | Lair:5   | Noticed an ice dragon
 10293 | Lair:5   | a seven-headed hydra changed into an ice dragon
 10305 | Lair:5   | Killed an ice dragon
 10349 | Lair:5   | Found a staircase to the Slime Pits.
 10396 | Lair:5   | Found a viscous altar of Jiyva.
 10596 | Lair:5   | Found a dark tunnel.
 10603 | Volcano  | Entered a volcano
 10610 | Volcano  | Noticed antares's ghost (journeyman HEAE)
 10624 | Volcano  | Killed antares's ghost
 11035 | Volcano  | Reached skill level 14 in Long Blades
 11243 | Lair:5   | Noticed an eight-headed hydra
 11247 | Lair:5   | Noticed a great orb of eyes
 11247 | Lair:5   | an eight-headed hydra changed into a great orb of eyes
 11256 | Lair:5   | Killed a great orb of eyes
 11350 | Lair:5   | Noticed a six-headed hydra
 11370 | Lair:5   | Killed an eight-headed hydra
 11615 | Lair:6   | Entered Level 6 of the Lair of Beasts
 11645 | Lair:6   | Noticed a death yak
 11645 | Lair:6   | Noticed a death yak
 11645 | Lair:6   | Noticed a death yak
 11645 | Lair:6   | Noticed a death yak
 11650 | Lair:6   | Reached XP level 13. HP: 76/95 MP: 19/19
 11924 | Lair:6   | Reached skill level 10 in Invocations
 12219 | Lair:6   | Found a deep blue altar of Sif Muna.
 12506 | Lair:6   | Reached ****** piety under Makhleb
 12587 | Lair:6   | Reached skill level 10 in Shields
 13257 | D:10     | Entered Level 10 of the Dungeon
 13365 | D:10     | Reached skill level 15 in Long Blades
 13559 | D:10     | Found a staircase to the Orcish Mines.
 13935 | Orc:1    | Entered Level 1 of the Orcish Mines
 14064 | Orc:1    | Found a roughly hewn altar of Beogh.
 14279 | Orc:2    | Entered Level 2 of the Orcish Mines
 14531 | Orc:2    | Found a staircase to the Elven Halls.
 14539 | Orc:2    | Noticed photon45's ghost (journeyman OgBe)
 14557 | Orc:2    | Killed photon45's ghost
 14557 | Orc:2    | Reached XP level 14. HP: 99/102 MP: 21/21
 14597 | Orc:2    | Found Haonea's Antique Armour Emporium.
 14737 | Orc:2    | Found Kaijoud's General Store.
 14792 | Orc:2    | HP: 4/102 [orc knight/enchanted long sword (17)]
 14792 | Orc:2    | HP: 1/102 [orc warrior/tomahawk (3)]
 14915 | Orc:2    | Found Reczil's Antique Armour Emporium.
 14916 | Orc:2    | Found Xypneucw's Weapon Shop.
 14916 | Orc:2    | Found Epist's Jewellery Shop.
 14983 | Orc:2    | Bought an embroidered cloak for 283 gold pieces
 15007 | Orc:2    | Bought a potion of heal wounds for 80 gold pieces
 15007 | Orc:2    | Bought a scroll of magic mapping for 56 gold pieces
 15007 | Orc:2    | Bought a scroll of blinking for 120 gold pieces
 15007 | Orc:2    | Bought a scroll of enchant armour for 120 gold pieces
 15183 | Orc:2    | Bought a twisted scale mail for 243 gold pieces
 15193 | Orc:2    | Identified the +0 scale mail "Muymmat" {rElec rN+ Int-4 Dex+4} (You bought it in a shop on level 2 of the Orcish Mines)
 15220 | Elf:1    | Entered Level 1 of the Elven Halls
 15621 | Elf:1    | Reached skill level 16 in Long Blades
 15928 | Elf:1    | Noticed an orc warlord
 15931 | Elf:1    | Noticed Donald
 15945 | Elf:1    | Killed an orc warlord
 16150 | Elf:1    | Reached skill level 15 in Dodging
 16224 | Elf:1    | Killed Donald
 16578 | Elf:1    | Reached skill level 1 in Armour
 16721 | Elf:1    | Noticed a deep elf elementalist
 17323 | Elf:1    | Reached XP level 15. HP: 107/107 MP: 23/23
 17981 | D:11     | Found Didotah's Magic Scroll Shoppe.
 17989 | D:11     | Bought a scroll of brand weapon for 260 gold pieces
 18544 | D:12     | Reached skill level 5 in Armour
 19429 | D:13     | Reached skill level 17 in Long Blades
 19763 | D:13     | Noticed Fallorn's ghost (journeyman HOFi)
 20791 | Swamp:1  | Noticed a thorn hunter
 20804 | Swamp:1  | Killed a thorn hunter
 21166 | Swamp:1  | Paralysed by a hornet for 1 turns
 21748 | Swamp:2  | Found a frozen archway.
 21748 | Swamp:2  | Noticed an azure jelly
 21763 | Swamp:2  | Killed an azure jelly
 21777 | IceCv    | Entered an ice cave
 22677 | IceCv    | Noticed an Ice Fiend
 22720 | IceCv    | Reached XP level 16. HP: 40/115 MP: 24/24
 23811 | IceCv    | Slain by an Ice Fiend

Skill      XL: |  1  2  3  4  5  6  7  8  9 10 11 12 13 14 15 |
---------------+----------------------------------------------+-----
Long Blades    | 4 5 6 7 8 10 11 12 13 14 15 16 17 | 17.4
Dodging        | 4 5 6 7 9 10 11 12 13 14 15 16 | 16.2
Invocations    | 3 5 7 8 9 11 12 13 | 13.2
Shields        | 1 5 7 9 10 12 | 12.1
Evocations     | 3 5 6 7 |  7.6
Armour         | 3 7 |  7.6
Fighting       | |  3.6
Stealth        | |  1.5

Action                   |  1- 3 |  4- 6 |  7- 9 | 10-12 | 13-15 | 16-18 || total
-------------------------+-------+-------+-------+-------+-------+-------++-------
Melee: Falchion          |    51 |    41 |       |       |       |       ||    92
       Headbutt          |     7 |    27 |    60 |   124 |   339 |     9 ||   566
       Long sword        |       |   106 |   168 |       |       |       ||   274
       Scimitar          |       |       |   118 |   340 |       |       ||   458
       Katana            |       |       |       |   135 |  1402 |    33 ||  1570
Invok: Lesser Servant of |       |       |     3 |     3 |    10 |     4 ||    20
       Major Destruction |       |       |       |       |    19 |     4 ||    23
       Greater Servant o |       |       |       |       |     5 |     3 ||     8
 Abil: Evoke Invisibilit |       |       |       |     1 |    10 |       ||    11
       Evoke Flight      |       |       |       |       |     2 |     1 ||     3
       Stop Flying       |       |       |       |       |     1 |       ||     1
Evoke: Wand              |       |       |       |    21 |    17 |       ||    38
  Use: Scroll            |       |       |    17 |    13 |    24 |     3 ||    57
       Potion            |       |       |     4 |     7 |    12 |     6 ||    29
 Stab: Sleeping          |     5 |     9 |    12 |     4 |       |       ||    30
       Distracted        |       |     1 |     2 |     1 |     1 |       ||     5
       Paralysed         |       |       |       |    13 |       |       ||    13
       Confused          |       |       |       |     2 |       |       ||     2
       Invisible         |       |       |       |     7 |    38 |       ||    45
  Eat: Chunk             |     1 |     6 |     6 |     9 |    18 |       ||    40
       Meat ration       |       |       |     1 |       |     1 |     1 ||     3
       Fruit             |       |       |     1 |     2 |     4 |       ||     7
       Bread ration      |       |       |       |     2 |     2 |       ||     4
       Beef jerky        |       |       |       |       |     3 |       ||     3
       Pizza             |       |       |       |       |     1 |       ||     1
Armor: Robe              |     7 |    34 |    14 |       |       |       ||    55
       Leather armour    |       |       |    26 |     6 |       |       ||    32
       Scale mail        |       |       |       |    83 |   205 |     4 ||   292
Dodge: Dodged            |    29 |   120 |   212 |   310 |   833 |     9 ||  1513
Block: Buckler           |       |       |     2 |   130 |   222 |       ||   354
       Shield            |       |       |       |       |   346 |    13 ||   359
       Reflection        |       |       |       |       |    21 |       ||    21
       Rpst.: Falchion   |     9 |    12 |       |       |       |       ||    21
       Long sword        |       |    18 |    15 |       |       |       ||    33
       Scimitar          |       |       |    44 |    67 |       |       ||   111
       Katana            |       |       |       |    15 |   193 |       ||   208
